 Dungeon Crawl Stone Soup version 0.22-a0-162-g33bf127 (webtiles) character file.

12326 vishdafish the Slicer (level 11, -2/84 HPs)
             Began as a Vampire Fighter on Feb 13, 2018.
             Was a Priest of Yredelemnul.
             Slain by a wolf (5 damage)
             ... on level 11 of the Dungeon.
             The game lasted 00:32:31 (13642 turns).

vishdafish the Slicer (Vampire Fighter)            Turns: 13642, Time: 00:32:32

Health: -2/84      AC: 15    Str: 25      XL:     11   Next: 61%
Magic:  16/16      EV: 13    Int: 11 (12) God:    Yredelemnul [***...]
Gold:   496        SH: 11    Dex: 13 (14) Spells: 12/16 levels left

rFire    . . .     SeeInvis +   A - +3 long sword of Liowk {pain, *Noise MR- Str+8 Stlth+}
rCold    + . .     Gourm    .   c - +0 shield
rNeg     + + .     Faith    .   b - +0 scale mail
rPois    +         Spirit   .   u - +0 helmet
rElec    +         Reflect  .   f - +0 cloak
rCorr    .         Harm     .   (no gloves)
MR       +....     Clarity  +   (no boots)
Stlth    ++++......             S - amulet of regeneration
HPRegen  0.32/turn              o - +3 ring of protection
MPRegen  0.15/turn              z - +2 ring of protection

@: lethally poisoned (-2 -> -5), about to teleport, regenerating slowly
A: fangs 3, see invisible, clarity, deterioration 1, magic resistance 1,
electricity resistance, unbreathing, evolution 1
a: Bat Form, Recall Undead Slaves, Injury Mirror, Animate Dead, Renounce
Religion


You were on level 11 of the Dungeon.
You worshipped Yredelemnul.
Yredelemnul was most pleased with you.
You were very thirsty.

You visited 2 branches of the dungeon, and saw 12 of its levels.

You collected 496 gold pieces.

Inventory:

Hand Weapons
 a - a +0 rapier
 j - a +0 short sword of speed
 s - a +2 dagger of freezing
 A - the +3 long sword of Liowk (weapon) {pain, *Noise MR- Str+8 Stlth+}
   (You found it on level 6 of the Dungeon)

   In the hands of one skilled in necromantic magic, it inflicts extra damage on
   living creatures.
   It affects your strength (+8).
   It affects your resistance to hostile enchantments.
   It may make noises in combat.
   It makes you more stealthy.
Missiles
 k - 18 tomahawks (quivered)
 v - 2 javelins of penetration
Armour
 b - a +0 scale mail (worn)
 c - a +0 shield (worn)
 f - a +0 cloak (worn)
 t - a +1 animal skin
 u - a +0 helmet (worn)
 T - a +0 cloak
Jewellery
 n - an uncursed ring of poison resistance
 o - a +3 ring of protection (left hand)
 z - a +2 ring of protection (right hand)
 F - an uncursed ring of resist corrosion
 S - an amulet of regeneration (around neck)
Wands
 B - a wand of disintegration (13)
 E - a wand of acid (9)
 H - a wand of digging (14)
 I - a wand of flame (15)
 O - a wand of iceblast (9)
Scrolls
 e - a scroll of torment {unknown}
 h - 4 scrolls of magic mapping
 i - 2 scrolls of identify
 m - a scroll of fog
 p - 5 scrolls of teleportation
 q - a scroll of immolation {unknown}
 r - a scroll of blinking {unknown}
 x - 3 scrolls of remove curse
 y - a scroll of noise {unknown}
 D - 4 scrolls of amnesia
 G - 3 scrolls of enchant armour
 J - a scroll of fear {unknown}
 M - a scroll of vulnerability
 N - a scroll of summoning {unknown}
 P - a scroll of silence {unknown}
 R - 2 scrolls of enchant weapon {unknown}
Potions
 d - a potion of degeneration
 g - a potion of curing
 w - 3 potions of ambrosia
 C - 3 potions of flight
 K - a potion of brilliance {unknown}
 L - 2 potions of blood
 Q - a potion of mutation
Books
 l - a book of Battle

   Spells                             Type                      Level
   a - Infusion                       Charms                       1
   b - Shroud of Golubria             Charms/Translocation         2
   c - Song of Slaying                Charms                       2
   d - Spectral Weapon                Hexes/Charms                 3
   e - Regeneration                   Charms/Necromancy            3


   Skills:
 + Level 7.3 Fighting
 * Level 9.9(10.5) Short Blades
 - Level 5.2(7.9) Long Blades
 + Level 6.4 Armour
 + Level 7.8 Dodging
 - Level 5.3 Stealth
 + Level 7.1 Shields
 * Level 3.4 Spellcasting
 * Level 2.1 Evocations


You had 12 spell levels left.
You knew the following spells:

 Your Spells              Type           Power        Failure   Level  Hunger
a - Song of Slaying       Chrm           #.......     93%         2    ###....
b - Shroud of Golubria    Chrm/Tloc      #.........   93%         2    ###....


Dungeon Overview and Level Annotations

Branches:
Dungeon (11/15)            Temple (1/1) D:5
   Lair: D:8-11         Orc: D:9-12

Altars:
Cheibriados
Dithmenos
Elyvilon
Kikubaaqudgha
Makhleb
Nemelex Xobeh
Okawaru
Qazlal
Ru
Sif Muna
Trog
Uskayaw
Xom
Yredelemnul
Zin
The Shining One

Shops:
D:6 *   D:11 %


Innate Abilities, Weirdness & Mutations

You heal slowly.
You have razor-sharp teeth.
You have supernaturally acute eyesight. (SInv)
You can survive without breathing.
You possess an exceptional clarity of mind.
Your body sometimes deteriorates upon taking damage.
You are resistant to hostile enchantments. (MR+)
You are resistant to electric shocks. (rElec)
You evolve.


Message History

* * * LOW HITPOINT WARNING * * *
You are poisoned.
The water moccasin poisons you!
Unknown command.
Evoke which item? (* to show all) (? for menu, Esc to quit)
Aiming: Corrosive Bolt
Press: ? - help, Shift-Dir - straight line, f - iguana
Aim: an iguana The bolt of acid hits the wolf.
The wolf is splashed with acid.
The acid corrodes the wolf!
You kill the wolf!
Yredelemnul accepts your kill.
The bolt of acid hits the iguana.
The iguana is splashed with acid.
You kill the iguana!
Yredelemnul accepts your kill.
You feel sick. The wolf bites you.
* * * LOW HITPOINT WARNING * * *
You block the water moccasin's attack. The wolf bites you.
You die...
Yredelemnul claims you as an undead slave.

.#....
#.#..≈≈≈≈≈
......###
#.....≈≈5≈ #
#.....#
#....(..≈≈
#.## #.#
#......≈..
... #.#
#.......D.
#.###(# #)>#
#..Z(.# #)(#
###Z### #Sh#
#)#.#####@h#
#(....ooo..#
#.#....o.$##
#.#.#######
#(#.# #.#.#
..... .....
.#.#.


You could see an orc warrior, a water moccasin, a wolf, a hound, an orc priest,
an orc wizard and an orc.

Vanquished Creatures
  The ghost of kegs the Cleaver, a journeyman HOFi of Okawaru (D:10)
  A hydra (D:11)
  2 two-headed ogres
  The ghost of KristoblXynda the Carver, a novice DrGl of Fedhas (D:9)
  The ghost of vishdafish the Carver, a novice DsBe of Trog (D:8)
  An unseen horror (D:10)
  The ghost of halftheisland the Shooter, a novice MiHu (D:6)
  The ghost of kegs the Skirmisher, a novice HOFi (D:4)
  4 trolls
  2 hippogriffs
  2 wyverns
  The ghost of kegs the Skirmisher, an amateur HOFi (D:3)
  A steam dragon (D:11)
  A hungry ghost (D:7)
  A water moccasin (D:9)
  3 sky beasts
  3 orc warriors
  A black bear (D:6)
  4 ogres
  A wolf (D:11)
  An eye of draining (D:10)
  4 centaurs
  3 big kobolds
  3 bullfrogs
  7 scorpions
  5 killer bees (D:9)
  2 howler monkeys
  An electric eel (D:10)
  3 quasits
  A bullfrog zombie (D:11)
  2 crimson imps
  9 hounds
  3 jellies
  4 iguanas
  7 orc priests
  5 centaur skeletons
  Crazy Yiuf (D:2)
  8 orc wizards
  10 worker ants
  A worker ant zombie (D:7)
  Robin (D:2)
  7 gnolls
  14 adders
  2 shadow imps
  2 oozes
  2 adder skeletons
  2 worms (D:4)
  2 leopard geckos
  24 orcs
  6 ball pythons
  10 bats
  8 giant cockroaches
  15 goblins
  13 hobgoblins
  14 jackals
  5 quokkas
  9 frilled lizards
  A giant cockroach zombie (D:6)
  2 jackal skeletons (D:4)
  21 kobolds
  A quokka skeleton (D:8)
  A quokka zombie (D:8)
  8 rats
283 creatures vanquished.

Vanquished Creatures (collateral kills)
  A hippogriff (D:11)
  An ogre (D:9)
  A crocodile (D:11)
3 creatures vanquished.

Vanquished Creatures (others)
  A wight (D:9)
  3 kobold zombies (D:11)
  4 orc zombies (D:11)
  15 fungi (D:8)
23 creatures vanquished.

Grand Total: 309 creatures vanquished

Notes
Turn   | Place    | Note
-------+----------+-------------------------------------------
     0 | D:1      | vishdafish the Vampire Fighter began the quest for the Orb.
     0 | D:1      | Reached XP level 1. HP: 17/17 MP: 1/1
    70 | D:1      | Reached XP level 2. HP: 13/24 MP: 2/2
   256 | D:1      | Reached skill level 1 in Stealth
   687 | D:1      | Reached XP level 3. HP: 29/29 MP: 3/3
  1184 | D:2      | Found a shimmering altar of Xom.
  1437 | D:2      | Reached XP level 4. HP: 35/35 MP: 4/4
  1635 | D:2      | You fall through a shaft for 2 floors!
  1635 | D:4      | Noticed an ogre
  1671 | D:3      | Found a snail-covered altar of Cheibriados.
  1693 | D:3      | Found a hide-covered altar of Uskayaw.
  1813 | D:3      | Reached skill level 3 in Short Blades
  2235 | D:2      | Reached skill level 1 in Dodging
  2236 | D:2      | Noticed Robin
  2284 | D:2      | Killed Robin
  2509 | D:3      | Reached XP level 5. HP: 22/41 MP: 5/5
  2740 | D:3      | Noticed kegs's ghost (amateur HOFi)
  4132 | D:2      | Found a runed door.
  4189 | D:2      | Noticed Crazy Yiuf
  4197 | D:2      | Killed Crazy Yiuf
  4339 | D:3      | Killed kegs's ghost
  4339 | D:3      | Reached skill level 4 in Short Blades
  4339 | D:3      | Reached XP level 6. HP: 27/47 MP: 6/6
  4883 | D:4      | Noticed kegs's ghost (novice HOFi)
  4887 | D:4      | Reached skill level 5 in Stealth
  5127 | D:4      | You fall through a shaft for 3 floors!
  5172 | D:6      | Noticed an orc warrior
  5226 | D:6      | Found a white marble altar of Elyvilon.
  5236 | D:6      | Got an ichor-stained long sword
  5329 | D:5      | Entered Level 5 of the Dungeon
  5663 | D:4      | Identified the cursed +3 long sword of Liowk {pain, *Noise MR- Str+8 Stlth+} (You found it on level 6 of the Dungeon)
  5678 | D:4      | Reached XP level 7. HP: 53/53 MP: 7/7
  5837 | D:4      | Reached skill level 1 in Long Blades
  5969 | D:5      | Gained mutation: You have sharp toenails. [potion of mutation]
  5969 | D:5      | Gained mutation: You are somewhat resistant to further mutation. [potion of mutation]
  5970 | D:5      | Lost mutation: You have sharp toenails. [potion of mutation]
  5970 | D:5      | Lost mutation: You are somewhat resistant to further mutation. [potion of mutation]
  5970 | D:5      | Gained mutation: Your body sometimes deteriorates upon taking damage. [potion of mutation]
  5970 | D:5      | Gained mutation: You evolve. [potion of mutation]
  6649 | D:5      | Gained mutation: You are resistant to electric shocks. (rElec) [evolution]
  6861 | D:4      | Killed kegs's ghost
  7280 | D:4      | Gained mutation: You are resistant to hostile enchantments. (MR+) [evolution]
  7282 | D:4      | Reached XP level 8. HP: 46/60 MP: 8/8
  7788 | D:4      | Found a deep blue altar of Sif Muna.
  7938 | D:5      | Found a staircase to the Ecumenical Temple.
  8047 | Temple   | Entered the Ecumenical Temple
  8085 | Temple   | Became a worshipper of Yredelemnul the Dark
  9112 | D:6      | Noticed halftheisland's ghost (novice MiHu)
  9201 | D:7      | Reached skill level 5 in Fighting
  9201 | D:7      | Reached skill level 5 in Long Blades
  9327 | D:7      | Reached XP level 9. HP: 67/68 MP: 9/9
  9330 | D:7      | Reached * piety under Yredelemnul
  9428 | D:7      | Found an ancient bone altar of Kikubaaqudgha.
  9591 | D:8      | Reached skill level 5 in Shields
  9728 | D:6      | Killed halftheisland's ghost
  9728 | D:6      | Reached skill level 5 in Short Blades
  9728 | D:6      | Reached skill level 5 in Dodging
  9774 | D:6      | Found Celyefev's Assorted Antiques.
  9933 | D:6      | Found a glowing silver altar of Zin.
 10076 | D:7      | Gained mutation: You possess an exceptional clarity of mind. [evolution]
 10256 | D:8      | Reached skill level 6 in Short Blades
 10273 | D:8      | Noticed vishdafish's ghost (novice DsBe)
 10291 | D:8      | Killed vishdafish's ghost
 10291 | D:8      | Reached skill level 5 in Armour
 10503 | D:8      | Reached XP level 10. HP: 48/76 MP: 10/10
 10507 | D:8      | Reached skill level 7 in Short Blades
 10638 | D:8      | Reached ** piety under Yredelemnul
 10672 | D:8      | Found a glowing golden altar of the Shining One.
 11155 | D:9      | Noticed KristoblXynda's ghost (novice DrGl)
 11160 | D:10     | Entered Level 10 of the Dungeon
 11171 | D:10     | Noticed kegs's ghost (journeyman HOFi)
 11232 | D:10     | Killed kegs's ghost
 11477 | D:10     | Reached skill level 8 in Short Blades
 11676 | D:10     | Noticed an unseen horror
 11700 | D:10     | Killed an unseen horror
 11847 | D:10     | Learned a level 2 spell: Song of Slaying
 11850 | D:10     | Learned a level 2 spell: Shroud of Golubria
 12215 | D:10     | Noticed a two-headed ogre
 12233 | D:10     | Killed a two-headed ogre
 12233 | D:10     | Reached skill level 9 in Short Blades
 12233 | D:10     | Reached skill level 1 in Spellcasting
 12233 | D:10     | Reached XP level 11. HP: 44/83 MP: 10/12
 12584 | D:9      | Reached *** piety under Yredelemnul
 12721 | D:9      | Killed KristoblXynda's ghost
 12998 | D:9      | Received a gift from Yredelemnul (a wight)
 13032 | D:9      | Noticed a two-headed ogre
 13050 | D:9      | Killed a two-headed ogre
 13275 | D:9      | Reached skill level 1 in Evocations
 13304 | D:9      | Found a sparkling altar of Nemelex Xobeh.
 13587 | D:11     | Found Net Nost's Food Emporium.
 13604 | D:11     | Noticed a four-headed hydra
 13617 | D:11     | Killed a four-headed hydra
 13642 | D:11     | HP: 3/84 [wolf (4)]
 13642 | D:11     | Slain by a wolf

Vault maps used:
D:1:      dpeg_arrival_connections, roderic_lattice_a
D:2:      marbit_many_paths, uniq_robin, uniq_crazy_yiuf_cottage
D:3:      cheibriados_altar_1, old_standard_altar, kennysheep_cross_room
D:4:      lemuel_doored_altar, small_statue_alley_b, kennysheep_generic_room_4
D:5:      minmay_temple_entry_statues_pillars, first_ration
D:6:      elyvilon_altar_5, old_standard_altar, serial_shops,
          kennysheep_mini_moat
D:7:      lemuel_coloured_pillars_altar, serial_bayou_crossing
D:8:      old_forge, tso_metal_star, grunt_pizzeria
D:9:      nemelex_altar_shiori
D:10:     kennysheep_minor_cross
D:11:     erik_lair_island, minmay_orc_entry_temple_small, serial_shops,
          nicolae_shop_crystal
Temple:   nicolae_temple_god_jail

Skill      XL: |  1  2  3  4  5  6  7  8  9 10 11 |
---------------+----------------------------------+-----
Fighting       | 3 4 5 6 7 |  7.3
Stealth        | 1 2 3 4 5 |  5.3
Shields        | 3 4 5 6 7 |  7.1
Short Blades   | 3 4 6 9 |  9.9
Dodging        | 1 2 3 4 6 7 |  7.8
Armour         | 3 4 5 6 |  6.4
Long Blades    | 2 5 |  5.2
Spellcasting   | 1 3 |  3.4
Evocations     | 2 |  2.1

Action                   |  1- 3 |  4- 6 |  7- 9 | 10-12 || total
-------------------------+-------+-------+-------+-------++-------
Melee: Rapier            |    71 |       |       |       ||    71
       Bite              |    20 |    30 |    51 |    56 ||   157
       Short sword       |    93 |     8 |       |       ||   101
       Dagger            |       |   227 |       |     1 ||   228
       Unarmed           |       |     1 |       |       ||     1
       Long sword        |       |     3 |   297 |   463 ||   763
Throw: Tomahawk          |     1 |     8 |     1 |     3 ||    13
Invok: Animate Dead      |       |       |       |     3 ||     3
 Abil: End Transformatio |       |     4 |     1 |       ||     5
       Bat Form          |       |     4 |     1 |       ||     5
Evoke: Wand              |       |       |     4 |     8 ||    12
  Use: Potion            |       |    12 |    16 |    15 ||    43
       Scroll            |       |     5 |     9 |     3 ||    17
 Stab: Sleeping          |     2 |     2 |    13 |     3 ||    20
       Distracted        |       |       |     1 |       ||     1
Armor: Scale mail        |    45 |    60 |   115 |   140 ||   360
       Animal skin       |       |    18 |       |       ||    18
       Skin              |       |       |       |    32 ||    32
Dodge: Dodged            |    33 |    83 |   106 |   203 ||   425
Block: Shield            |    60 |    89 |   167 |   313 ||   629
       Rpst.: Long sword |       |       |    30 |    59 ||    89

Table legend:
 A = Spawn XP
 B = Non-spawn XP
 C = Spawn XP percentage of total XP
 D = Spawn monster count
 E = Non-spawn monster count
 F = Spawn count percentage of total count
 G = Total turns spent on level
                    A         B        C        D         E        F      G
               +---------+---------+-------+---------+---------+-------+---------
         Total |       0 |   17609 |   0.0 |       0 |     286 |   0.0 | 13642
               +---------+---------+-------+---------+---------+-------+---------
           D:1 |       0 |      48 |   0.0 |       0 |      28 |   0.0 |  1126
           D:2 |       0 |     136 |   0.0 |       0 |      39 |   0.0 |  2572
           D:3 |       0 |     335 |   0.0 |       0 |      28 |   0.0 |  1594
           D:4 |       0 |     877 |   0.0 |       0 |      19 |   0.0 |  1451
           D:5 |       0 |     677 |   0.0 |       0 |      19 |   0.0 |  1859
           D:6 |       0 |    1246 |   0.0 |       0 |      17 |   0.0 |   820
           D:7 |       0 |     633 |   0.0 |       0 |      14 |   0.0 |   567
           D:8 |       0 |    2357 |   0.0 |       0 |      32 |   0.0 |  1018
           D:9 |       0 |    3727 |   0.0 |       0 |      25 |   0.0 |   934
          D:10 |       0 |    4918 |   0.0 |       0 |      37 |   0.0 |  1414
          D:11 |       0 |    2655 |   0.0 |       0 |      28 |   0.0 |   139
               +---------+---------+-------+---------+---------+-------+---------
